 Dungeon Crawl Stone Soup version 0.26.1 (webtiles) character file.

Game seed: 13643580924850628364

2841 Gadfly the Cudgeller (level 9, -7/88 HPs)
             Began as an Ogre Gladiator on Feb 7, 2021.
             Was a Believer of Okawaru.
             Mangled by a troll (8 damage)
             ... on level 9 of the Dungeon.
             The game lasted 00:13:40 (12266 turns).

Gadfly the Cudgeller (Ogre Gladiator)              Turns: 12266, Time: 00:13:41

Health: -7/88      AC:  6    Str: 23    XL:     9   Next: 74%
Magic:  10/12      EV: 17    Int:  9    God:    Okawaru [**....]
Gold:   730        SH:  5    Dex: 10    Spells: 8/8 levels left

rFire    . . .     SeeInvis .   b - +0 spear (venom)
rCold    . . .     Faith    .   (no shield)
rNeg     + . .     Spirit   .   i - +0 animal skin
rPois    .         Reflect  +   c - +1 hat
rElec    .         Harm     .   o - +0 cloak
rCorr    .         Rampage  .   (gloves unavailable)
Will     .....                  (boots unavailable)
Stlth    +++.......             D - amulet of reflection
HPRegen  0.24/turn              p - ring of positive energy
MPRegen  0.13/turn              g - +4 ring of evasion

@: heroism
A: large, unfitting armour, tough skin 1
a: Renounce Religion, Heroism


You were on level 9 of the Dungeon.
You worshipped Okawaru.
Okawaru was pleased with you.
You visited 2 branches of the dungeon, and saw 10 of its levels.

You collected 730 gold pieces.

Inventory:

Hand Weapons
 a - a +1 flail
 b - a +0 spear of venom (weapon)
 t - the +14 obsidian axe {vorpal, +Fly SInv *Curse}
   (You found it on level 4 of the Dungeon)

   It inflicts extra damage upon your enemies.
   It lets you see invisible.
   It lets you fly.
   It curses itself when equipped.
 y - a +0 morningstar
 C - a +1 hand axe of draining
Missiles
 d - 3 throwing nets
 s - 26 boomerangs (quivered)
 E - 7 silver javelins
Armour
 c - a +1 hat (worn)
 i - a +0 animal skin (worn)
 o - a +0 cloak (worn)
Jewellery
 g - a +4 ring of evasion (right hand)
 p - a ring of positive energy (left hand)
 D - an amulet of reflection (around neck)
Wands
 e - a wand of flame (45)
 h - a wand of enslavement (5)
 r - a wand of acid (3)
 u - a wand of random effects (3)
Scrolls
 j - 6 scrolls of teleportation
 k - 6 scrolls of identify
 m - 2 scrolls of enchant armour
 q - 3 scrolls of enchant weapon
 w - 3 scrolls of remove curse
 A - a scroll of magic mapping
 B - a scroll of fog
Potions
 f - 2 potions of flight
 l - a potion of heal wounds
 n - a potion of might
 v - 2 potions of lignification
 x - a potion of ambrosia
 z - a potion of mutation


   Skills:
 + Level 5.3(10.3) Fighting
 * Level 5.8(10.8) Maces & Flails
 * Level 5.8(10.8) Throwing
 * Level 4.8(9.8) Armour
 - Level 2.6(7.6) Dodging
 + Level 5.0 Invocations
 * Level 4.9 Evocations


You had 8 spell levels left.
You didn't know any spells.
Your spell library contained the following spells:

 Spells                   Type           Power        Failure   Level
 Corona                   Hex            0%           38%         1
 Sandblast                Erth           0%           38%         1
 Ensorcelled Hibernation  Hex/Ice        0%           52%         2
 Passwall                 Tmut/Erth      0%           52%         2
 Confusing Touch          Hex            0%           77%         3
 Dazzling Flash           Conj/Hex       0%           77%         3
 Gell's Gravitas          Tloc           0%           77%         3
 Stone Arrow              Conj/Erth      0%           77%         3
 Tukima's Dance           Hex            0%           77%         3
 Petrify                  Tmut/Erth      0%           99%         4
 Bolt of Magma            Conj/Fire/Erth 0%           100%        5
 Iskenderun's Battlesphe  Conj           0%           100%        5
 Lee's Rapid Deconstruct  Erth           0%           100%        5
 Metabolic Englaciation   Hex/Ice        0%           100%        5
 Yara's Violent Unravell  Hex/Tmut       0%           100%        5
 Iron Shot                Conj/Erth      0%           100%        6
 Orb of Destruction       Conj           0%           100%        7
 Spellforged Servitor     Conj/Summ      0%           100%        7


Dungeon Overview and Level Annotations

Branches:
Dungeon (9/15)             Temple (1/1) D:5
   Lair: D:8-11         Orc: D:9-12

Altars:
Ashenzari
Cheibriados
Dithmenos
Elyvilon
Fedhas
Gozag
Hepliaklqana
Kikubaaqudgha
Makhleb
Nemelex Xobeh
Okawaru
Qazlal
Ru
Sif Muna
Trog
Uskayaw
Vehumet
Wu Jian
Xom
Yredelemnul
Zin
The Shining One

Shops:
D:5 [   D:6 *


Innate Abilities, Weirdness & Mutations

You are too large for most types of armour.
You have tough skin. (AC +1)


Message History

* * * LOW HITPOINT WARNING * * *
Okay, then.
You feel much better. The troll barely misses you. The troll claws you.
You block the troll's attack.
The troll looks more healthy.
You gain the combat prowess of a mighty hero.
The troll misses you. x3
You closely miss the troll.
The troll is lightly wounded.
The troll bites you!
* * * LOW HITPOINT WARNING * * *
The troll claws you!
* * * LOW HITPOINT WARNING * * *
The troll claws you but does no damage.
You barely miss the troll.
The troll is lightly wounded.
The troll bites you!
* * * LOW HITPOINT WARNING * * *
The troll claws you!
You die...

#.........#
####........>#
.............#
###...<.....#
#####.##### ###..#
#...##
#####.##########
#....@.........#
###...[T.).......#
.................#
###..............#
#..............#
#..............#
#..............#
#####.##########
#..##


You could see a troll.

Vanquished Creatures
  Sigmund (D:6)
  A vampire (D:9)
  2 orc warriors (D:6)
  2 phantoms
  A sky beast (D:5)
  5 ogres
  2 centaurs (D:7)
  4 bullfrogs
  A gnoll sergeant (D:8)
  A howler monkey (D:6)
  5 hounds
  2 jellies
  3 orc priests
  7 orc wizards
  Ijyb (D:4)
  An iguana (D:5)
  Natasha (thrice) (D:2)
  4 worker ants
  A hound skeleton (D:4)
  Robin (D:2)
  8 gnolls
  2 howler monkey skeletons
  7 adders
  A shadow imp (D:7)
  3 white imps
  7 worms
  2 dart slugs
  4 leopard geckos
  41 orcs
  8 giant cockroaches
  15 goblins
  19 hobgoblins
  4 jackals
  9 kobolds
  A quokka (D:7)
  3 ball pythons
  7 bats
  5 frilled lizards
  A quokka skeleton (D:4)
  A quokka zombie (D:5)
  6 rats
202 creatures vanquished.

Vanquished Creatures (collateral kills)
  2 worker ants (D:7)
  An adder (D:6)
  An orc (D:6)
  3 jackals
7 creatures vanquished.

Vanquished Creatures (others)
  An adder (D:6)
  10 plants (D:9)
  4 toadstools (D:7)
15 creatures vanquished.

Grand Total: 224 creatures vanquished

Notes
Turn   | Place    | Note
-------+----------+-------------------------------------------
     0 | D:1      | Gadfly the Ogre Gladiator began the quest for the Orb.
     0 | D:1      | Reached XP level 1. HP: 22/22 MP: 1/1
   289 | D:1      | Reached XP level 2. HP: 19/29 MP: 2/2
   523 | D:1      | Reached skill level 1 in Invocations
  1451 | D:1      | Reached XP level 3. HP: 18/36 MP: 3/3
  1706 | D:2      | Reached skill level 1 in Armour
  1706 | D:2      | Reached skill level 1 in Evocations
  1941 | D:2      | Noticed Natasha
  1953 | D:1      | Reached XP level 4. HP: 14/44 MP: 5/5
  2249 | D:2      | Killed Natasha
  2269 | D:2      | Noticed Natasha
  2280 | D:2      | Killed Natasha
  2281 | D:2      | Reached XP level 5. HP: 23/50 MP: 6/6
  2533 | D:2      | Noticed Robin
  2547 | D:2      | Killed Robin
  2563 | D:2      | Noticed Natasha
  2570 | D:2      | Killed Natasha
  3281 | D:3      | Reached XP level 6. HP: 30/59 MP: 6/8
  3731 | D:3      | Found a sacrificial altar of Ru.
  4541 | D:3      | Found a white marble altar of Elyvilon.
  4773 | D:4      | Found the cursed +14 obsidian axe {vorpal, +Fly SInv
                  | *Curse}
  4963 | D:4      | Found a shadowy altar of Dithmenos.
  5307 | D:4      | Noticed Ijyb
  5320 | D:4      | Killed Ijyb
  5637 | D:5      | Entered Level 5 of the Dungeon
  5734 | D:5      | Reached XP level 7. HP: 25/66 MP: 9/9
  6226 | D:5      | Found Ymyegoof's Armour Shop.
  6384 | D:5      | Found a staircase to the Ecumenical Temple.
  6395 | Temple   | Entered the Ecumenical Temple
  6408 | Temple   | Became a worshipper of Warmaster Okawaru
  7247 | D:6      | Reached XP level 8. HP: 63/75 MP: 10/10
  8265 | D:6      | Reached * piety under Okawaru
  9153 | D:6      | Noticed Sigmund
  9160 | D:6      | Killed Sigmund
  9190 | D:6      | Found a snail-covered altar of Cheibriados.
  9284 | D:6      | Found Zek Juma's General Store.
  9303 | D:6      | Reached skill level 5 in Maces & Flails
  9508 | D:6      | Reached ** piety under Okawaru
  9509 | D:6      | Reached XP level 9. HP: 74/85 MP: 12/12
  9627 | D:6      | Found a blossoming altar of Fedhas.
  9627 | D:6      | Found a glowing golden altar of the Shining One.
  9633 | D:6      | Found an ancient bone altar of Kikubaaqudgha.
  9636 | D:6      | Found a radiant altar of Vehumet.
  9638 | D:6      | Found a stormy altar of Qazlal.
  9660 | D:6      | Reached skill level 5 in Throwing
  9900 | D:7      | Found an opulent altar of Gozag.
  9931 | D:7      | Found a glowing silver altar of Zin.
 10550 | D:8      | Reached skill level 5 in Fighting
 11934 | D:9      | Reached skill level 5 in Invocations
 12248 | D:9      | Noticed a troll
 12266 | D:9      | HP: 1/88 [troll (8)]
 12266 | D:9      | Mangled by a troll

Illustrated notes

Levels and vault maps discovered:
D:1:      kilobyte_arrival_exit_the_forest, layout_basic, minmay_quantized
D:2:      layout_rooms, minmay_circle_x, uniq_natasha, uniq_robin
D:3:      layout_basic, nicolae_overflow_hidden_temple,
          nicolae_ru_the_path_less_chosen
D:4:      layout_loops_ring, nicolae_dithmenos_shadow_blocks, uniq_ijyb
D:5:      layout_basic, temple_green, serial_shops, shop
D:6:      layout_cave_pools, cheibrodos_worm_habitat,
          chequers_temple_overflow_minitemple, serial_shops, shop,
          serial_co_window_serial, co_window_cross_1, co_window_paths_a,
          co_window_corner_a, co_window_paths_a, co_window_paths_a,
          co_window_paths_c, co_window_cross_2, co_window_corner_b,
          co_window_corner_ca, co_window_4corner_a, glass_columns_b,
          minmay_checkerbox, uniq_sigmund
D:7:      layout_cave_pools, zin_academy, minmay_gold_behind_fungi,
          grunt_gozag_statues
D:8:      layout_cave_pools, st_stairs_14
D:9:      layout_roguey, serial_bayou_crossing
Temple:   nicolae_temple_x_marks_the_god

Skill      XL: |  1  2  3  4  5  6  7  8  9 |
---------------+----------------------------+-----
Invocations    | 1 2 3 4 5 |  5.0
Armour         | 1 2 3 4 |  4.8
Evocations     | 1 2 3 4 |  4.9
Maces & Flails | 3 4 5 |  5.8
Throwing       | 3 4 5 |  5.8
Fighting       | 3 4 5 |  5.3
Dodging        | |  2.6

Action                   |  1- 3 |  4- 6 |  7- 9 || total
-------------------------+-------+-------+-------++-------
Melee: Flail             |    58 |    11 |    79 ||   148
       Short sword       |    57 |   304 |   141 ||   502
       Broad axe         |       |       |    58 ||    58
       Hand axe          |       |       |    49 ||    49
       Spear             |       |       |    27 ||    27
Throw: Boomerang         |       |       |     9 ||     9
Invok: Heroism           |       |       |     2 ||     2
Evoke: Wand              |       |       |    11 ||    11
  Use: Scroll            |     5 |     8 |     5 ||    18
       Potion            |     2 |     3 |     1 ||     6
 Stab: Sleeping          |       |     2 |     1 ||     3
Armor: Robe              |    27 |     6 |       ||    33
       Animal skin       |       |    56 |    64 ||   120
Dodge: Dodged            |   137 |   234 |   285 ||   656
Block: Other             |       |       |     3 ||     3
